 Dungeon Crawl Stone Soup version 0.24-a0-581-gc0fa6600bf (webtiles) character file.

Game seed: 9306216914657416743

336480 Jannitor the Spry (level 20, 0/112 HPs)
             Began as a Spriggan Abyssal Knight on Aug 19, 2019.
             Was a Priest of Lugonu.
             Slain by a two-headed ogre
             ... wielding a +0 giant club
              (13 damage)
             ... while paralysed by a floating eye
             ... on level 2 of the Depths on Aug 23, 2019.
             The game lasted 02:47:44 (68335 turns).

Jannitor the Spry (Spriggan Abyssal Knight)        Turns: 68335, Time: 02:47:44

Health: 0/112      AC: 22    Str: 13    XL:     20   Next: 60%
Magic:  25/30      EV:  4    Int: 17    God:    Lugonu [***...]
Gold:   3498       SH:  0    Dex: 19    Spells: 16/31 levels left

rFire    . . .     SeeInvis +   b - +8 whip "Snakebite" {curare, rPois}
rCold    + . .     Gourm    .   p - +0 buckler {AC+3}
rNeg     + . .     Faith    .   H - quicksilver dragon scales
rPois    +         Spirit   .   M - +2 hat {Int+3}
rElec    .         Reflect  .   J - +0 cloak of Gravitas {rN+}
rCorr    +         Harm     .   (gloves unavailable)
MR       ++++.                  (boots unavailable)
Stlth    ++++......             B - amulet of regeneration
HPRegen  0.68/turn              y - ring "Ituif Biu" {rC+ rCorr Slay+3}
MPRegen  0.22/turn              S - +4 ring of evasion

@: paralysed, deflect missiles, very quick
A: very small, unfitting armour, thin metallic scales 1, see invisible,
herbivore, speed 3, sense surroundings 1, shaggy fur 1, slow metabolism 2
}: 3/15 runes: decaying, silver, gossamer
a: Depart the Abyss, Bend Space, Banish, Renounce Religion


You were on level 2 of the Depths.
You worshipped Lugonu.
Lugonu was most pleased with you.
You were hungry.

You visited 7 branches of the dungeon, and saw 38 of its levels.
You visited the Abyss 4 times.
You also visited: Trove, Bailey and Ice Cave.

You collected 6144 gold pieces.
You spent 2646 gold pieces at shops.

Inventory:

Hand Weapons
 a - a +3 eveningstar of protection
 b - the +8 whip "Snakebite" (weapon) {curare, rPois}
   (You found it on level 5 of the Lair of Beasts)

   It poisons the flesh of those it strikes.
   It protects you from poison.
 T - the +10 morningstar "Eos" {elec, Halo rElec}
   (You acquired it on level 1 of the Spider Nest)

   Occasionally, upon striking a foe, it will discharge some electrical energy
   and cause terrible harm.
   It insulates you from electricity.
Missiles
 C - 3 throwing nets (quivered)
Armour
 p - a +0 buckler of protection (worn)
 E - +2 fire dragon scales
 H - quicksilver dragon scales (worn)
 J - the +0 cloak of Gravitas (worn) {rN+}
   (You bought it in a shop on level 2 of the Orcish Mines)

   It protects you from negative energy.
 M - a +2 hat of intelligence (worn)
Jewellery
 i - an uncursed ring of protection from fire
 q - an uncursed ring of protection from magic
 y - the ring "Ituif Biu" (left hand) {rC+ rCorr Slay+3}
   (You bought it in a shop on level 15 of the Dungeon)

   [ring of resist corrosion]

   It affects your accuracy and damage with ranged weapons and melee attacks
   (+3).
   It protects you from cold.
   It provides partial protection from all sources of acid and corrosion.
 B - an amulet of regeneration (around neck)
 S - a +4 ring of evasion (right hand)
Wands
 d - a wand of digging (2)
 l - a wand of enslavement (22)
 t - a wand of polymorph (11)
 w - a wand of paralysis (25)
 A - a wand of acid (12)
 D - a wand of disintegration (39)
 I - a wand of scattershot (6)
 Q - a wand of flame (78)
 R - a wand of iceblast (24)
Scrolls
 e - 2 scrolls of silence
 f - 9 scrolls of fear
 g - 5 scrolls of identify
 j - 4 scrolls of magic mapping
 o - 2 scrolls of enchant armour
 u - 5 scrolls of amnesia
 x - 10 scrolls of remove curse
 K - 3 scrolls of enchant weapon
 O - a scroll of torment
 U - 3 scrolls of holy word
 V - a scroll of brand weapon
 W - 2 scrolls of vulnerability
 X - 2 scrolls of summoning
Potions
 h - a potion of resistance
 m - 4 potions of magic
 n - 3 potions of invisibility
 r - 3 potions of ambrosia
 s - a potion of berserk rage
 z - 4 potions of lignification
 F - a potion of haste
 G - 3 potions of agility
 L - 4 potions of cancellation
 N - 5 potions of flight
 Y - 10 potions of brilliance
 Z - 2 potions of curing
Comestibles
 c - 11 rations


   Skills:
 - Level 14.7 Fighting
 + Level 13.1 Maces & Flails
 + Level 10.0 Armour
 - Level 19.0 Dodging
 - Level 8.4 Stealth
 - Level 7.2 Shields
 + Level 6.1 Spellcasting
 + Level 4.6 Hexes
 - Level 15.8 Charms
 + Level 11.2 Air Magic
 - Level 11.6 Invocations


You had 16 spell levels left.
You knew the following spells:

 Your Spells              Type           Power        Failure   Level  Hunger
a - Deflect Missiles      Chrm/Air       ######....   14%         6    #######
b - Cause Fear            Hex            ###.......   34%         4    ####...
c - Silence               Hex/Air        ####......   26%         5    #####..

Your spell library contained the following spells:

 Spells                   Type           Power        Failure   Level  Hunger
 Swiftness                Chrm/Air       ######..     1%          2    None
 Shock                    Conj/Air       ###.         2%          1    None
 Airstrike                Air            #####.....   2%          4    ####...
 Confusing Touch          Hex            ###...       3%          1    None
 Static Discharge         Conj/Air       ###.....     7%          3    ##.....
 Confuse                  Hex            ###.....     11%         3    ##.....
 Animate Skeleton         Necr           N/A          24%         1    None
 Apportation              Tloc           #.....       24%         1    None
 Beastly Appendage        Tmut           #.....       24%         1    None
 Flame Tongue             Conj/Fire      #....        24%         1    None
 Magic Dart               Conj           #...         24%         1    None
 Sandblast                Erth           #.....       24%         1    None
 Summon Small Mammal      Summ           #...         24%         1    None
 Dazzling Spray           Conj/Hex       ##....       26%         3    ##.....
 Inner Flame              Hex/Fire       ##......     26%         3    ##.....
 Iskenderun's Battlesphe  Conj/Chrm      ####....     26%         5    #####..
 Passwall                 Tmut/Erth      #.......     34%         2    None
 Searing Ray              Conj           #.....       34%         2    None
 Sticks to Snakes         Tmut           #.......     34%         2    None
 Sublimation of Blood     Necr           #.........   34%         2    None
 Throw Flame              Conj/Fire      #.....       34%         2    None
 Lightning Bolt           Conj/Air       ###.......   54%         5    #####..
 Conjure Flame            Conj/Fire      #.......     56%         3    ##.....
 Gell's Gravitas          Tloc           #.........   56%         3    ##.....
 Ignite Poison            Fire/Tmut/Pois #.......     56%         3    ##.....
 Spider Form              Tmut/Pois      #.........   56%         3    ##.....
 Stone Arrow              Conj/Erth      #.....       56%         3    ##.....
 Fulminant Prism          Conj/Hex       ##........   65%         4    ####...
 Force Lance              Conj/Tloc      #.......     93%         4    ####...
 Ice Form                 Ice/Tmut       #.......     93%         4    ####...
 Iskenderun's Mystic Bla  Conj           #.......     93%         4    ####...
 Petrify                  Tmut/Erth      #.......     93%         4    ####...
 Sticky Flame             Conj/Fire      #.......     93%         4    ####...
 Metabolic Englaciation   Hex/Ice        ##........   94%         5    #####..
 Yara's Violent Unravell  Hex/Tmut       ##........   94%         5    #####..
 Alistair's Intoxication  Tmut/Pois      #.......     100%        5    #####..
 Blade Hands              Tmut           #.........   100%        5    #####..
 Bolt of Magma            Conj/Fire/Erth #.........   100%        5    #####..
 Fireball                 Conj/Fire      #.........   100%        5    #####..
 Irradiate                Conj/Tmut      #.........   100%        5    #####..
 Lee's Rapid Deconstruct  Erth           #.........   100%        5    #####..
 Venom Bolt               Conj/Pois      #.........   100%        5    #####..
 Bolt of Fire             Conj/Fire      #.........   100%        6    #######
 Iron Shot                Conj/Erth      #.........   100%        6    #######
 Orb of Destruction       Conj           #.........   100%        7    #######
 Ring of Flames           Chrm/Fire      ####......   100%        7    #######
 Spellforged Servitor     Conj/Summ      #.........   100%        7    #######
 Discord                  Hex            ###.......   100%        8    #######
 Ignition                 Fire           #.........   100%        8    #######
 Shatter                  Erth           #.........   100%        9    #######
 Tornado                  Air            #####.....   100%        9    #######


Dungeon Overview and Level Annotations

Branches:
Dungeon (15/15)            Temple (0/1) D:5            Lair (6/6) D:9
  Swamp (4/4) Lair:2       Spider (4/4) Lair:3        Slime (0/5) Lair:6
    Orc (2/2) D:10            Elf (0/3) Orc:2        Vaults (5/5) D:14
  Crypt (0/3) Vaults:3     Depths (2/5) D:15

Altars:
Ashenzari
Cheibriados
Dithmenos
Makhleb
Qazlal
Ru
Trog
Xom
Beogh
Jiyva

Shops:
D:14 %   D:15 =   Orc:2 [(!*   Vaults:3 [   Vaults:4 *

Portals:
Hell: Depths:1
Abyss: Depths:1

Annotations:
D:2 exclusion: adder
D:5 exclusions: adder and two-headed ogre
Swamp:1 1 runed translucent door
Swamp:3 2 transporters
Swamp:4 corrupted
Spider:1 Esekla's ghost, adept FoAK
Spider:4 corrupted
Vaults:1 corrupted
Vaults:5 corrupted
Depths:1 corrupted
Abyss:1 Urug


Innate Abilities, Weirdness & Mutations

You are very small and have problems with some larger weapons.
You are too small for most types of armour.
You have supernaturally acute eyesight. (SInv)
You are a herbivore.
You cover ground extremely quickly.
You need to consume almost no food.
You are partially covered in thin metallic scales. (AC +2)
You passively map a small area around you.
You are covered in fur. (AC +1)


Message History

The centaur warrior shoots an arrow.
You block the arrow.
You see here an arrow.
The deep troll earth mage casts a spell past you.
The wall shatters!
The blast of rock fragments hits you but does no damage.
The deep troll earth mage points next to the stone giant and mumbles some strange words.
Some rock shatters into small pieces.
The floating eye gazes piercingly through you!
You suddenly lose the ability to move!
The stone giant hits you!!
* * * LOW HITPOINT WARNING * * *
The two-headed ogre hits you with a +0 giant club!!
* * * LOW HITPOINT WARNING * * *
The two-headed ogre hits you but does no damage.
The deep troll earth mage casts a spell next to the two-headed ogre.
Some rock shatters into small pieces.
The stone giant hits you.
* * * LOW HITPOINT WARNING * * *
The floating eye's view fixates on you.
The two-headed ogre hits you with a +0 giant club!
You die...

****#..,≈** ##≈..≈
#..,....≈≈* #≈≈...
#.#**#..5** *#≈...
#.# #..≈#*###≈.C#
#.# #..≈≈##∩≈≈...
#.# #?..≈≈≈≈≈.(..
#.# *#.....c...(..
#.# #..#...OT.....
#@###.#..5.(cTgG,,
#COT..#,.c§....#*,
#chGc####§h.#,**,,
#(T.T..§§§§#,**,,,
#(...g§§§§#.#*,,,,
#....§.§§#§#*,,,,*
#......§#§##,,,,**
###########******
*****************


You could see a stone giant, a centaur warrior, a two-headed ogre, a deep troll,
2 deep troll earth magi, a wolf, a centaur, a boggart (invisible) and a floating
eye.

Vanquished Creatures
  Sojobo (Depths:1)
  2 quicksilver dragons (Vaults:5)
  2 titans (Vaults:5)
  A sphinx (Vaults:3)
  Gastronok (D:12)
  2 shadow dragons (Vaults:5)
  3 tentacled starspawn (Abyss:1)
  2 thorn hunters
  4 tengu reavers
  A storm dragon (Vaults:5)
  3 frost giants
  13 vault wardens
  2 fire giants (Vaults:4)
  An orc warlord (Vaults:1)
  3 ghost moths
  Aizul (Swamp:4)
  An emperor scorpion (Spider:4)
  10 very ugly things
  13 ironheart preservers
  4 entropy weavers
  5 stone giants
  4 deep elf annihilators
  A dire elephant (D:15)
  3 deep elf death magi
  5 ettins
  3 ice dragons
  7 yaktaur captains
  A great orb of eyes (Vaults:4)
  Harold (D:10)
  2 fire dragons
  2 rakshasas
  Erolcha (D:10)
  2 shambling mangroves
  14 hydras
  15 vault guards
  10 centaur warriors
  A catoblepas (D:14)
  A queen ant (Lair:6)
  11 two-headed ogres
  8 ogre magi
  A deep troll shaman (Vaults:1)
  A dancing weapon (Spider:1)
  A death knight (Vaults:4)
  19 alligators
  Erica (D:9)
  7 tengu warriors
  A deep troll earth mage (Depths:1)
  A thrashing horror (Abyss:1)
  2 deep elf knights
  6 death yaks
  Nergalle (D:11)
  A shadow wraith (Vaults:3)
  12 skeletal warriors
  4 deep trolls
  3 glowing orange brains
  3 spriggan druids
  An unseen horror (Vaults:1)
  3 deep elf archers
  5 swamp dragons
  A lindwurm (Lair:5)
  2 necromancers (D:14)
  18 ironbrand convokers
  Pikel (D:6)
  3 wizards
  5 harpies (Vaults:2)
  12 orc knights
  9 deep elf magi
  4 orc sorcerers (Orc:2)
  21 wolf spiders
  8 orb spiders
  2 large abominations (Abyss:1)
  A shining eye (shapeshifter) (Vaults:4)
  19 ugly things
  5 cyclopes
  6 manticores
  6 elephants (Lair:4)
  A salamander (shapeshifter) (Vaults:1)
  A moth of wrath (Spider:4)
  A salamander (D:15)
  Joseph (D:9)
  10 black mambas
  2 ice statues (IceCv)
  2 smoke demons
  12 vault sentinels
  A torpor snail (Lair:5)
  A spiny frog (shapeshifter) (Vaults:1)
  3 gargoyles
  17 spiny frogs
  A kobold demonologist (D:14)
  A rime drake (shapeshifter) (Vaults:1)
  A komodo dragon (shapeshifter) (D:15)
  8 komodo dragons
  3 rime drakes
  25 yaktaurs
  A redback zombie (D:14)
  An efreet (D:15)
  12 ice devils (IceCv)
  11 demonic crawlers
  A guardian mummy (Vaults:2)
  7 freezing wraiths
  15 trolls
  A polar bear (Lair:6)
  21 jumping spiders
  8 tyrant leeches
  An ancient zyme (Abyss:1)
  2 blink frogs (Lair:5)
  11 hornets
  3 meliai (D:14)
  A hornet (shapeshifter) (Vaults:4)
  A meliai (shapeshifter) (D:14)
  33 slime creatures
  6 bog bodies
  23 hippogriffs
  2 raiju (shapeshifter)
  A raiju (Abyss:1)
  2 dream sheep (Lair:5)
  16 spriggans
  A centaur simulacrum (D:14)
  4 water elementals
  3 shadows
  A vampire (D:11)
  21 tarantellas
  35 redbacks
  A ynoxinul (Abyss:2)
  A wraith (Vaults:4)
  19 humans (D:14)
  7 wyverns
  19 yaks
  2 hogs (shapeshifter)
  7 vampire mosquitoes
  A yaktaur simulacrum (Vaults:2)
  13 basilisks
  A neqoxec (Abyss:2)
  3 hungry ghosts
  22 swamp worms
  12 water moccasins
  14 wargs
  A soldier ant (shapeshifter) (Vaults:1)
  8 soldier ants
  3 acid dragons
  13 porcupines
  2 ice beasts
  2 necrophages
  42 orc warriors
  4 slaves (D:6)
  2 phantoms
  12 swamp drakes
  24 ogres
  An ogre (shapeshifter) (Vaults:4)
  5 sky beasts
  7 boggarts
  6 black bears
  An eye of draining (D:14)
  29 wolves
  12 crocodiles
  24 centaurs
  13 bullfrogs
  A wyvern zombie (D:14)
  3 wyvern skeletons
  2 scorpions
  11 killer bees
  18 wights
  A howler monkey (D:5)
  4 electric eels
  3 centaur zombies
  12 crimson imps
  3 hounds
  2 quasits
  6 jellies
  4 centaur skeletons
  28 orc priests
  45 orc wizards
  An iron imp (Depths:1)
  3 iguanas
  3 bullfrog skeletons
  31 worker ants
  4 small abominations
  A hound skeleton (D:5)
  A worker ant zombie (D:8)
  9 adders
  6 gnolls
  2 shadow imps
  5 white imps
  11 ufetubi
  An ooze (D:1)
  2 adder zombies
  2 adder skeletons
  3 worms
  6 dart slugs
  5 leopard geckos
  104 orcs
  3 giant cockroaches
  7 goblins
  7 hobgoblins
  3 jackals
  2 quokkas
  A ball python (D:4)
  4 bats
  9 frilled lizards
  9 kobolds
  A leopard gecko skeleton (D:4)
  A leopard gecko zombie (D:7)
  8 rats
  A butterfly (Lair:3)
1431 creatures vanquished.

Vanquished Creatures (others)
  A bone dragon (Vaults:2)
  2 Ice Fiends (IceCv)
  2 tengu reavers (Depths:1)
  A fire giant (Depths:1)
  3 vault wardens
  3 ghost moths (Spider:4)
  A juggernaut zombie (Depths:2)
  7 emperor scorpions (Spider:4)
  2 ironheart preservers
  2 war gargoyles (Vaults:5)
  3 stone giants
  An entropy weaver (Vaults:5)
  A deep elf demonologist (Vaults:1)
  2 ogre magi (Depths:1)
  A deep elf high priest (Vaults:5)
  6 ettins
  A yaktaur captain (Vaults:4)
  A rakshasa (Depths:1)
  11 vault guards (Vaults:5)
  An ice dragon (Depths:1)
  A death knight (D:12)
  2 centaur warriors
  A shambling mangrove (Swamp:4)
  11 hydras
  10 two-headed ogres (Depths:1)
  A tengu warrior (Depths:1)
  2 deep troll earth magi (Depths:1)
  A deep troll shaman (Depths:1)
  2 swamp dragons (Swamp:4)
  A glowing orange brain (Depths:1)
  4 deep trolls
  2 orange crystal statues (Depths:1)
  A flayed ghost (Vaults:4)
  An ironbrand convoker (Vaults:1)
  An orc knight (Vaults:4)
  5 orb spiders (Spider:4)
  12 wolf spiders (Spider:4)
  An orc sorcerer (Orc:2)
  A manticore (D:11)
  3 deep elf magi
  A vault sentinel (Vaults:1)
  2 spiny frogs
  2 demonic crawlers (Spider:4)
  A yaktaur (Depths:1)
  An ice devil (IceCv)
  5 jumping spiders (Spider:4)
  A blink frog (Lair:5)
  6 hornets
  6 redbacks (Spider:4)
  3 tarantellas (Spider:4)
  A wraith (Vaults:1)
  A basilisk (shapeshifter) (D:14)
  An acid dragon (Vaults:1)
  A swamp worm (Swamp:4)
  An orc warrior (Vaults:4)
  2 swamp drakes (Swamp:4)
  3 boggarts
  5 centaurs (Depths:1)
  3 ogres (Depths:1)
  2 white imps (IceCv)
  2 ufetubi (IceCv)
  4 orcs
  3 briar patches (Swamp:2)
  18 fungi
  2 lurking horrors
  16 plants
  73 starspawn tentacles
281 creatures vanquished.

Grand Total: 1712 creatures vanquished

Notes
Turn   | Place    | Note
-------+----------+-------------------------------------------
     0 | Abyss:1  | Jannitor the Spriggan Abyssal Knight began the quest for
                  | the Orb.
     0 | Abyss:1  | Reached XP level 1. HP: 11/11 MP: 3/3
   123 | Abyss:2  | Noticed a ynoxinul
   139 | Abyss:2  | Killed a ynoxinul
   139 | Abyss:2  | Reached skill level 4 in Dodging
   139 | Abyss:2  | Reached XP level 2. HP: 2/16 MP: 3/5
   139 | Abyss:2  | Reached XP level 3. HP: 3/20 MP: 3/6
   139 | Abyss:2  | Reached XP level 4. HP: 4/24 MP: 3/7
   139 | Abyss:2  | Reached XP level 5. HP: 5/28 MP: 3/8
   168 | Abyss:2  | Noticed a large abomination
   175 | D:1      | Escaped the Abyss
   473 | D:1      | Reached skill level 5 in Dodging
   885 | D:1      | Reached ** piety under Lugonu
  2141 | D:3      | Found a faded altar of an unknown god.
  3091 | D:3      | Reached *** piety under Lugonu
  3097 | D:3      | Reached XP level 6. HP: 32/32 MP: 9/9
  3339 | D:4      | Reached skill level 1 in Shields
  3402 | D:4      | Found a snail-covered altar of Cheibriados.
  4136 | D:5      | Entered Level 5 of the Dungeon
  4151 | D:5      | Found Ekhluikk's Food Shoppe.
  4437 | D:5      | Reached skill level 6 in Dodging
  4515 | D:5      | Noticed a two-headed ogre
  4585 | D:5      | Reached XP level 7. HP: 33/37 MP: 10/10
  5143 | D:5      | Noticed a hungry ghost
  5410 | D:5      | Found a staircase to the Ecumenical Temple.
  5487 | D:5      | Killed a hungry ghost
  5487 | D:5      | Reached skill level 7 in Dodging
  6051 | D:6      | Reached XP level 8. HP: 19/42 MP: 11/11
  6853 | D:7      | Reached skill level 8 in Dodging
  7251 | D:7      | Found a shadowy altar of Dithmenos.
  7252 | D:7      | Found a shattered altar of Ashenzari.
  7252 | D:7      | Found a burning altar of Makhleb.
  7253 | D:7      | Found a bloodstained altar of Trog.
  7449 | D:7      | Noticed a hippogriff
  7464 | D:7      | Killed a hippogriff
  7464 | D:7      | Reached skill level 5 in Fighting
  7734 | D:7      | Found a stormy altar of Qazlal.
  8056 | D:8      | Noticed a manticore
  8069 | D:8      | Killed a manticore
  8069 | D:8      | Reached skill level 9 in Dodging
  8069 | D:8      | Reached XP level 9. HP: 10/47 MP: 12/12
  8836 | D:6      | Reached skill level 5 in Maces & Flails
  9898 | D:6      | Reached skill level 10 in Dodging
 10542 | D:6      | Noticed Pikel
 10576 | D:6      | Killed Pikel
 11286 | D:8      | Reached skill level 5 in Shields
 11286 | D:8      | Reached XP level 10. HP: 53/53 MP: 13/13
 12079 | D:8      | Reached skill level 11 in Dodging
 13081 | D:9      | Found a sacrificial altar of Ru.
 13090 | D:9      | Reached **** piety under Lugonu
 14103 | D:9      | Noticed Joseph
 14166 | D:9      | Noticed Erica
 14178 | D:9      | Killed Erica
 14576 | D:9      | Reached skill level 12 in Dodging
 15096 | D:9      | Found a staircase to the Lair.
 15575 | D:9      | Killed Joseph
 15584 | D:9      | Reached XP level 11. HP: 17/58 MP: 14/14
 16016 | D:10     | Entered Level 10 of the Dungeon
 16494 | D:5      | Bought a ration for 50 gold pieces
 16494 | D:5      | Bought a ration for 50 gold pieces
 16494 | D:5      | Bought a ration for 50 gold pieces
 16494 | D:5      | Bought a ration for 50 gold pieces
 16494 | D:5      | Bought a ration for 50 gold pieces
 16494 | D:5      | Bought a ration for 50 gold pieces
 16494 | D:5      | Bought a ration for 50 gold pieces
 16494 | D:5      | Bought a ration for 50 gold pieces
 16494 | D:5      | Bought a ration for 50 gold pieces
 16494 | D:5      | Bought a ration for 50 gold pieces
 16494 | D:5      | Bought a ration for 50 gold pieces
 16835 | D:10     | Noticed Erolcha
 16853 | D:10     | Killed Erolcha
 16894 | D:10     | Found a staircase to the Orcish Mines.
 17139 | D:10     | Noticed Harold
 17152 | D:10     | Killed Harold
 18337 | D:12     | Found a flagged portal.
 18352 | D:12     | Noticed Urug
 18356 | D:12     | Noticed a death knight
 18358 | Bailey   | Entered a bailey
 18374 | Bailey   | Reached skill level 13 in Dodging
 18695 | Bailey   | Reached ***** piety under Lugonu
 20181 | Bailey   | Identified a scroll of acquirement
 20686 | D:11     | Noticed a white ugly thing
 20819 | Lair:1   | Entered Level 1 of the Lair of Beasts
 22447 | Lair:1   | Got a crude graven amulet
 22449 | Lair:1   | Identified the amulet of Tender Moments {RegenMP rC++ Str+3
                  | Int-5} (You found it on level 1 of the Lair of Beasts)
 22560 | Lair:2   | Reached XP level 12. HP: 54/65 MP: 16/16
 23169 | Lair:2   | Noticed an eight-headed hydra
 23227 | Lair:2   | Noticed a death yak
 23227 | Lair:2   | Noticed a six-headed hydra
 23282 | Lair:1   | Reached skill level 14 in Dodging
 23282 | Lair:1   | Reached skill level 1 in Stealth
 23496 | Abyss:1  | Noticed a tentacled starspawn
 23530 | Abyss:1  | Found a corrupted altar of Lugonu.
 23581 | Abyss:1  | Noticed a white very ugly thing
 23852 | Abyss:1  | Noticed a green draconian monk
 24017 | Lair:1   | Escaped the Abyss
 24472 | Orc:1    | Entered Level 1 of the Orcish Mines
 24994 | Orc:2    | Entered Level 2 of the Orcish Mines
 25118 | Orc:1    | Reached skill level 5 in Invocations
 25728 | Orc:2    | Found a staircase to the Elven Halls.
 26009 | Orc:2    | Noticed an orc warlord
 26520 | Orc:2    | Found Wuqatz's Antique Armour Shoppe.
 26520 | Orc:2    | Found Ynoerchec's Antique Weapon Boutique.
 26541 | Orc:2    | Bought a smoking cloak for 294 gold pieces
 26546 | Orc:2    | Identified the +0 cloak of Gravitas {rN+} (You bought it in
                  | a shop on level 2 of the Orcish Mines)
 26546 | Orc:2    | Bought a transparent robe for 176 gold pieces
 27685 | Orc:2    | Found a roughly hewn altar of Beogh.
 28460 | Orc:2    | Reached skill level 5 in Stealth
 28469 | Orc:2    | Banished an orc warlord
 28658 | Orc:2    | Found a roughly hewn altar of Beogh.
 28684 | Orc:2    | Found Himamuomn's Distillery.
 28684 | Orc:2    | Found Kierak's Assorted Antiques.
 28689 | Orc:2    | Bought a potion of mutation for 112 gold pieces
 28689 | Orc:2    | Bought a potion of cancellation for 112 gold pieces
 28698 | Orc:2    | Bought a scroll labeled SITOITIYSH for 23 gold pieces
 29321 | D:11     | Reached XP level 13. HP: 72/72 MP: 18/18
 29344 | D:11     | Identified the +2 robe of Modesty {Int+5 Dex-3} (You bought
                  | it in a shop on level 2 of the Orcish Mines)
 29383 | D:11     | Noticed Nergalle
 29403 | D:11     | Killed Nergalle
 29644 | D:11     | Reached skill level 10 in Fighting
 29918 | D:11     | Got a heavily jewelled robe
 29929 | D:11     | Identified the cursed +1 robe of Divine Compulsion {+Inv
                  | Int+4} (You found it on level 11 of the Dungeon)
 29988 | D:12     | Reached skill level 15 in Dodging
 30064 | D:12     | Reached skill level 1 in Armour
 30246 | D:12     | You fall into a shaft and drop 2 floors!
 31282 | D:12     | Noticed Gastronok
 31470 | D:12     | Banished Urug
 31485 | D:12     | Killed Gastronok
 32321 | D:14     | Found Catoadoc's Food Emporium.
 32325 | D:14     | Bought a ration for 50 gold pieces
 32325 | D:14     | Bought a ration for 50 gold pieces
 32325 | D:14     | Bought a ration for 50 gold pieces
 32325 | D:14     | Bought a ration for 50 gold pieces
 32325 | D:14     | Bought a ration for 50 gold pieces
 33237 | D:14     | Reached XP level 14. HP: 54/79 MP: 20/20
 33365 | D:14     | Found a gate to the Vaults.
 33367 | D:14     | Identified the +2 leather armour of Syziukk {MR++ rCorr
                  | Stlth+}
 33458 | D:14     | Reached skill level 16 in Dodging
 34079 | D:14     | Gained mutation: You are frail. (-10% HP) [potion of
                  | mutation]
 34079 | D:14     | Gained mutation: You have a pair of small horns on your
                  | head. [potion of mutation]
 34080 | D:14     | Lost mutation: You are frail. (-10% HP) [potion of
                  | mutation]
 34080 | D:14     | Gained mutation: You tend to lose your temper in combat.
                  | [potion of mutation]
 34080 | D:14     | Gained mutation: Your flesh is cold resistant. (rC+)
                  | [potion of mutation]
 34138 | Abyss:1  | Noticed a starcursed mass
 34275 | Abyss:1  | Noticed a tentacled starspawn
 34287 | Abyss:1  | Noticed a tentacled starspawn
 34313 | Abyss:1  | Killed a tentacled starspawn
 34344 | Abyss:1  | Noticed an ironheart preserver
 34462 | Abyss:1  | Noticed a tentacled starspawn
 34477 | Abyss:1  | Killed a tentacled starspawn
 34522 | Abyss:1  | Noticed a hellephant
 34595 | Abyss:1  | Noticed a profane servitor
 34724 | Abyss:1  | Found a corrupted altar of Lugonu.
 34747 | Abyss:1  | Noticed a starcursed mass
 34767 | Abyss:1  | Noticed a tentacled starspawn
 34784 | Abyss:1  | Noticed a balrug
 34798 | Abyss:1  | HP: 2/79 [tentacled starspawn (16)]
 34800 | Abyss:1  | Killed a tentacled starspawn
 34801 | D:14     | Escaped the Abyss
 35011 | D:15     | Entered Level 15 of the Dungeon
 35465 | D:15     | Found Ujygim's Jewellery Shoppe.
 36290 | Lair:2   | Found a staircase to the Swamp.
 36975 | Lair:3   | Found a hole to the Spider Nest.
 37961 | Lair:4   | Lost mutation: You have a pair of small horns on your head.
                  | [potion of mutation]
 37961 | Lair:4   | Lost mutation: You tend to lose your temper in combat.
                  | [potion of mutation]
 37961 | Lair:4   | Gained mutation: You are somewhat resistant to further
                  | mutation. [potion of mutation]
 38704 | Lair:5   | Found the +8 whip "Snakebite" {curare, rPois}
 38838 | Lair:5   | Reached XP level 15. HP: 81/84 MP: 22/22
 39038 | Lair:5   | Reached skill level 5 in Armour
 39237 | Lair:5   | Reached skill level 17 in Dodging
 39378 | Lair:5   | Reached skill level 10 in Maces & Flails
 39576 | Lair:6   | Entered Level 6 of the Lair of Beasts
 40752 | Lair:6   | Found a viscous altar of Jiyva.
 40753 | Lair:6   | Found a staircase to the Slime Pits.
 41165 | Lair:6   | Identified the +7 rapier "Xyrit" {distort, Int+3}
 41436 | Lair:6   | Reached skill level 10 in Invocations
 42837 | D:15     | Found a staircase to the Depths.
 42886 | D:15     | Reached XP level 16. HP: 54/91 MP: 22/24
 43329 | D:15     | Bought the ring "Ituif Biu" {rC+ rCorr Slay+3} for 605 gold
                  | pieces
 43607 | Swamp:1  | Entered Level 1 of the Swamp
 43735 | Swamp:1  | Found a runed translucent door.
 44558 | Swamp:2  | Reached skill level 18 in Dodging
 44624 | Swamp:2  | Found a frozen archway.
 44632 | IceCv    | Entered an ice cave
 45023 | IceCv    | Noticed an Ice Fiend
 45029 | IceCv    | Noticed an Ice Fiend
 45133 | IceCv    | Corrupted IceCv
 45133 | IceCv    | Noticed a tentacled starspawn
 45155 | IceCv    | Killed an Ice Fiend
 45155 | IceCv    | Killed an Ice Fiend
 45229 | IceCv    | Got a steaming flail
 45231 | IceCv    | Identified the +10 flail of the Pyrrhic Victory {holy,
                  | rF++} (You found it in an ice cave)
 45423 | Swamp:2  | Noticed a thorn hunter
 45458 | Swamp:2  | Killed a thorn hunter
 46035 | Swamp:3  | Found a transporter.
 46081 | Swamp:3  | Noticed a thorn hunter
 46162 | Swamp:3  | Noticed a thorn hunter
 46189 | Swamp:3  | Killed a thorn hunter
 46458 | Swamp:3  | Found a transporter.
 46890 | Swamp:4  | Entered Level 4 of the Swamp
 46916 | Swamp:4  | Learned a level 6 spell: Deflect Missiles
 47047 | Swamp:4  | Reached skill level 1 in Charms
 47182 | Swamp:4  | Reached skill level 1 in Spellcasting
 47314 | Swamp:4  | Noticed Aizul
 47418 | Swamp:4  | Killed Aizul
 47418 | Swamp:4  | Reached skill level 1 in Air Magic
 48144 | Swamp:4  | Corrupted Swamp:4
 48183 | Swamp:4  | Got a decaying rune of Zot
 48209 | Swamp:4  | Noticed a bone dragon
 48890 | Vaults:1 | Entered Level 1 of the Vaults
 48909 | D:14     | Reached XP level 17. HP: 81/97 MP: 26/26
 48935 | Vaults:1 | Corrupted Vaults:1
 50401 | Vaults:1 | Learned a level 4 spell: Cause Fear
 50407 | Vaults:1 | Learned a level 5 spell: Silence
 50572 | Vaults:1 | Reached skill level 1 in Hexes
 50638 | Vaults:1 | Reached skill level 5 in Charms
 51271 | Vaults:1 | HP: 4/98 [stone giant/large rock (42)]
 51505 | Vaults:2 | Reached skill level 19 in Dodging
 52232 | Vaults:2 | Reached ****** piety under Lugonu
 52726 | Vaults:2 | Reached skill level 5 in Air Magic
 52972 | Vaults:2 | Reached XP level 18. HP: 74/102 MP: 27/27
 53045 | Vaults:2 | Found a portal to a secret trove of treasure.
 53198 | Vaults:2 | You paid a toll of 4 potions of resistance to enter a
                  | treasure trove
 53199 | Trove    | Entered a treasure trove
 53207 | Trove    | Got a transparent eveningstar
 53208 | Trove    | Identified the +7 eveningstar of Ravage {protect, rElec
                  | rPois Str+4 Int-2} (You found it in a treasure trove)
 53988 | Vaults:3 | Reached skill level 10 in Charms
 54454 | Spider:1 | Entered Level 1 of the Spider Nest
 54785 | Spider:1 | Found the +10 morningstar "Eos" {elec, Halo rElec}
 54842 | Spider:1 | Found a shimmering altar of Xom.
 54842 | Spider:1 | Noticed Esekla's ghost (adept FoAK)
 54843 | Spider:1 | Identified the cursed +2 dire flail "Diuzop Paam" {chaos,
                  | *Contam rPois Str+6}
 54844 | Spider:1 | Found a runed translucent door.
 55335 | Spider:2 | Upgraded the game from 0.24-a0-549-g45f0056d81 to
                  | 0.24-a0-580-g6a6c3f83c1
 57011 | Spider:4 | Entered Level 4 of the Spider Nest
 57573 | Spider:4 | Identified the +9 morningstar "Kusoedisi" {elec, rElec rC+
                  | SInv} (You found it on level 4 of the Spider Nest)
 57643 | Spider:4 | Corrupted Spider:4
 57669 | Spider:4 | Noticed a bone dragon
 57979 | Spider:4 | Got a gossamer rune of Zot
 58528 | Depths:1 | Entered Level 1 of the Depths
 58689 | Depths:1 | Corrupted Depths:1
 58689 | Depths:1 | Noticed a bone dragon
 58941 | Depths:1 | Found a one-way gate to the infinite horrors of the Abyss.
 59026 | Depths:1 | Noticed Sojobo
 59053 | Depths:1 | Killed Sojobo
 59413 | Depths:1 | Found a gateway to Hell.
 59634 | Depths:1 | Voluntarily entered the Abyss.
 59758 | Abyss:2  | Gained mutation: You are dopey. (Int -2) [a neqoxec]
 59819 | Depths:1 | Escaped the Abyss
 60519 | Vaults:3 | Found Qiqiovai's Antique Armour Boutique.
 60732 | Vaults:3 | Reached XP level 19. HP: 107/107 MP: 24/28
 60741 | Vaults:3 | Noticed a bone dragon
 61087 | Vaults:2 | Banished a bone dragon
 61896 | Vaults:3 | Found a staircase to the Crypt.
 62712 | Vaults:4 | Found Iffosom's Assorted Antiques.
 63161 | Vaults:4 | Lost mutation: You are dopey. (Int -2) [potion of mutation]
 63161 | Vaults:4 | Lost mutation: You are somewhat resistant to further
                  | mutation. [potion of mutation]
 63161 | Vaults:4 | Lost mutation: Your flesh is cold resistant. (rC+) [potion
                  | of mutation]
 63161 | Vaults:4 | Gained mutation: You are dopey. (Int -2) [potion of
                  | mutation]
 63161 | Vaults:4 | Gained mutation: You have sharp toenails. [potion of
                  | mutation]
 63161 | Vaults:4 | Gained mutation: You are agile. (Dex +2) [potion of
                  | mutation]
 63162 | Vaults:4 | Lost mutation: You are dopey. (Int -2) [potion of mutation]
 63162 | Vaults:4 | Lost mutation: You are agile. (Dex +2) [potion of mutation]
 63162 | Vaults:4 | Lost mutation: You have sharp toenails. [potion of
                  | mutation]
 63162 | Vaults:4 | Gained mutation: Your mind is acute. (Int +2) [potion of
                  | mutation]
 63162 | Vaults:4 | Gained mutation: Your spells are a little harder to cast,
                  | but a little more powerful. [potion of mutation]
 63162 | Vaults:4 | Gained mutation: Your flesh is cold resistant. (rC+)
                  | [potion of mutation]
 63162 | Vaults:4 | Gained mutation: You possess an exceptional clarity of
                  | mind. [potion of mutation]
 63270 | Vaults:4 | Gained mutation: You are frail. (-10% HP) [a shining eye]
 63281 | Vaults:4 | Lost mutation: You possess an exceptional clarity of mind.
                  | [potion of mutation]
 63281 | Vaults:4 | Lost mutation: Your spells are a little harder to cast, but
                  | a little more powerful. [potion of mutation]
 63281 | Vaults:4 | Lost mutation: Your mind is acute. (Int +2) [potion of
                  | mutation]
 63281 | Vaults:4 | Gained mutation: You are weak. (Str -2) [potion of
                  | mutation]
 63281 | Vaults:4 | Gained mutation: You are very weak. (Str -4) [potion of
                  | mutation]
 63281 | Vaults:4 | Lost mutation: You are frail. (-10% HP) [potion of
                  | mutation]
 63282 | Vaults:4 | Lost mutation: Your flesh is cold resistant. (rC+) [potion
                  | of mutation]
 63282 | Vaults:4 | Lost mutation: You are very weak. (Str -4) [potion of
                  | mutation]
 63282 | Vaults:4 | Gained mutation: You are covered in fur. (AC +1) [potion of
                  | mutation]
 63282 | Vaults:4 | Gained mutation: You are partially covered in thin metallic
                  | scales. (AC +2) [potion of mutation]
 63282 | Vaults:4 | Lost mutation: You are weak. (Str -2) [potion of mutation]
 63282 | Vaults:4 | Gained mutation: You passively map a small area around you.
                  | [potion of mutation]
 63375 | Vaults:4 | Bought a glowing cloak for 262 gold pieces
 63375 | Vaults:4 | Bought a scroll of blinking for 262 gold pieces
 63626 | Vaults:4 | Reached skill level 10 in Air Magic
 63691 | Vaults:4 | Upgraded the game from 0.24-a0-580-g6a6c3f83c1 to
                  | 0.24-a0-581-gc0fa6600bf
 63920 | Vaults:5 | Entered Level 5 of the Vaults
 63921 | Vaults:5 | Corrupted Vaults:5
 63980 | Vaults:5 | Noticed a golden dragon
 64353 | Vaults:5 | Reached skill level 15 in Charms
 65181 | Vaults:5 | Reached XP level 20. HP: 45/112 MP: 29/29
 66024 | Vaults:5 | Identified the +4 ring mail "Qokenor" {rPois rF+ MR- Dex+2}
 66134 | Vaults:5 | HP: 4/112 [iron dragon/spray of metal splinters (37)]
 66176 | Vaults:5 | Got a silver rune of Zot
 66592 | Vaults:4 | Reached skill level 5 in Spellcasting
 67963 | Depths:1 | Reached skill level 10 in Armour
 68332 | Depths:2 | Paralysed by a floating eye for 3 turns
 68335 | Depths:2 | Slain by a two-headed ogre

Levels and vault maps discovered:
D:1:      matt_arrival_diagonals, layout_loops_ring
D:2:      layout_rooms
D:3:      layout_loops_ring, chequers_ecumenical_altar_simple
D:4:      layout_basic, first_ration, minmay_strange_pillars,
          kennysheep_slug_shrine
D:5:      layout_basic, minmay_temple_entry_slanted, serial_shops,
          nicolae_shop_trees
D:6:      layout_loops_cross, dk_rats_in_the_wall, uniq_pikel
D:7:      layout_loops_ring, chequers_temple_overflow_statue_of_worship,
          basic_altar
D:8:      layout_basic, grunt_pizzeria
D:9:      layout_stronghold, nicolae_ru_great_annihilating_truth,
          grunt_lair_entry_orc_guard_hut, uniq_joseph, uniq_erica
D:10:     layout_roguey, minmay_orc_entry_guard_dogs, uniq_harold, uniq_erolcha
D:11:     layout_long_grid, lemuel_old_faithful, uniq_nergalle
D:12:     layout_roguey, enter_bailey_2, uniq_gastronok, uniq_urug
D:13:     layout_long_grid, serial_glass, glass_columns_a, glass_columns_c,
          grunt_ministairs_15, roderic_lattice_a, nicolae_wwwww,
          minmay_starry_boxes
D:14:     minmay_box_of_statues, layout_grid_maze, grunt_vaults_entry_tiered,
          serial_shops, nicolae_shop_crystal, minmay_misc_feat_tower,
          minmay_bent
D:15:     hangedman_depths_entry_try_elsewhere_first, layout_irregular_city,
          serial_bayou_ford_a, serial_shops, nicolae_shop_window_shopping
Lair:1:   layout_gridlike, worms_lemuel, serial_bayou_shore_b
Lair:2:   layout_gridlike, nicolae_swamp_entry_splash_gauntlet,
          hangedman_lair_generics_rect, lemuel_fruit_fields
Lair:3:   layout_chaotic_city, spider_nest_entry_web_field, minivault_27,
          lemuel_fruit_fields
Lair:4:   layout_cave_pods
Lair:5:   minmay_guarded_unrand_snakebite, layout_misc_corridors,
          chequers_serial_rivers_micro_a
Lair:6:   minmay_lair_end_enchanted_forest, layout_cave_shapes, slime_altar_1,
          special_room [special_room_mythical_zoo], minmay_another_anthill,
          grunt_megastairs_5
Swamp:1:  gammafunk_mikee_crab_dinner, layout_falls_marsh,
          evilmike_swamp_ruin_rubble_1, swamp_pool4
Swamp:2:  layout_basic_swamp, portal_ice_cave_entry_pillars_three,
          evilmike_swamp_ruin_house_4, infiniplex_staircase_pool
Swamp:3:  gammafunk_the_bubble [the_bubble_gammafunk_grid], layout_basic_swamp,
          hangedman_swamp_ruin_hall
Swamp:4:  swamp, layout_basic_swamp, swamp_pool1, hangedman_swamp_lotus,
          uniq_aizul
Spider:1: layout_spider_delve, ebering_ghost_xom
Spider:2: layout_spider_delve
Spider:3: layout_spider_delve, hangedman_spider_tarantella_strand,
          nicolae_spider_cling_halls
Spider:4: guppyfry_spider_rune, spiders_nest_the_unseen
Orc:1:    layout_caves
Orc:2:    st_orc_town, layout_diamond_mine, statue_in_the_mist_lemuel,
          david_defended_altar_orc
Vaults:1: nicolae_vaults_big_angled_halls, nicolae_vaults_inception_corners,
          v_alt_pattern_4, v_misc_28, ontoclasm_vaults_bender,
          grunt_vaults_diagonal, v_misc_1, v_rooms_2, hangedman_vaults_stagger,
          v_alt_pattern_6, vaults_room_semicircle, vaults_room_ringed_pool,
          ontoclasm_vaults_decontamination, layout_vaults_omnibox
Vaults:2: vaults_mumra_bighexcomb, nicolae_vaults_stairing_the_circle,
          nicolae_vaults_little_squares_6, layout_vaults_quadrants,
          nicolae_trove_entry_path_of_doom
Vaults:3: minmay_crypt_entry_nasty_monster, nicolae_vaults_little_squares_1,
          v_misc_33, vaults_dpeg_hooks, hangedman_vaults_nails, v_misc_19,
          vaults_room_hallway, v_pattern_3, ontoclasm_vaults_shuriken,
          nicolae_vaults_gold_heap, v_misc_22, layout_vaults_big_room,
          serial_shops, shop
Vaults:4: nicolae_vaults_big_angled_halls, vaults_room_door_hall,
          hangedman_vaults_capsules, nicolae_vaults_network_barrier,
          vaults_room_large_hall, nicolae_vaults_disjoint_gnomons, v_misc_14,
          vaults_dpeg_cross, vaults_room_hallway, v_alt_pattern_3,
          nicolae_vaults_little_squares_1, ontoclasm_vaults_gallery,
          nicolae_vaults_specimen_jars, nicolae_vaults_ring_of_whatevers,
          layout_vaults_maze_bifur, serial_shops,
          nicolae_shop_overgrown_old_shop
Vaults:5
Depths:1: layout_cave_shapes, grunt_decor_clamped, abyss_entry,
          grunt_hell_entry_dis_old, minivault_16, dpeg_stationary_puzzle,
          uniq_sojobo
Depths:2: grated_community_mu [grated_community_mu_vampire_home,
          grated_community_mu_giant_home, grated_community_mu_spellcaster_home,
          grated_community_mu_orcish_home, grated_community_mu_troll_home,
          grated_community_mu_taur_home, grated_community_mu_unbuilt_plot],
          layout_cave_pools, kennysheep_decorative_pillar,
          hangedman_coc_ice_floe, feat_on_display

Skill      XL: |  1  2  3  4  5  6  7  8  9 10 11 12 13 14 15 16 17 18 19 20 |
---------------+-------------------------------------------------------------+-----
Fighting       | 3 4 5 6 7 8 9 11 12 13 14 | 14.7
Maces & Flails | 2 3 4 5 6 7 8 9 10 11 12 13 | 13.1
Dodging        | 4 5 6 7 9 10 12 13 14 15 16 17 18 19 | 19.0
Invocations    | 3 4 6 7 9 10 11 | 11.6
Shields        | 1 2 3 5 6 7 |  7.2
Stealth        | 6 8 |  8.4
Armour         | 3 4 6 7 8 9 10 | 10.0
Charms         | 3 8 13 15 | 15.8
Spellcasting   | 2 4 6 |  6.1
Air Magic      | 1 5 8 10 11 | 11.2
Hexes          | 2 4 |  4.6

Action                   |  1- 3 |  4- 6 |  7- 9 | 10-12 | 13-15 | 16-18 | 19-21 || total
-------------------------+-------+-------+-------+-------+-------+-------+-------++-------
Melee: Mace              |     6 |   307 |   469 |       |       |       |       ||   782
       Whip              |       |       |    81 |   676 |   888 |  2797 |  1650 ||  6092
       Flail             |       |       |       |   316 |       |       |       ||   316
       Eveningstar       |       |       |       |   817 |  1378 |   195 |       ||  2390
       Headbutt          |       |       |       |       |   124 |       |       ||   124
       Morningstar       |       |       |       |       |       |    25 |    57 ||    82
 Cast: Deflect Missiles  |       |       |       |       |       |     1 |     6 ||     7
       Cause Fear        |       |       |       |       |       |     1 |       ||     1
       Silence           |       |       |       |       |       |     1 |       ||     1
Invok: Bend Space        |       |       |       |     5 |     4 |     1 |     5 ||    15
       Banish            |       |       |       |     5 |    22 |    19 |    28 ||    74
       Depart the Abyss  |       |       |       |     1 |     1 |     1 |       ||     3
       Enter the Abyss   |       |       |       |     1 |     1 |       |       ||     2
       Corrupt           |       |       |       |       |       |     5 |     1 ||     6
 Abil: Evoke Berserk Rag |     1 |     3 |     6 |    12 |       |       |       ||    22
Evoke: Wand              |       |       |     3 |    14 |     3 |     4 |     4 ||    28
       Phantom mirror    |       |       |       |       |       |     1 |       ||     1
  Use: Scroll            |       |     7 |     5 |    15 |    24 |    23 |    18 ||    92
       Potion            |       |     6 |     3 |     9 |     9 |     9 |    19 ||    55
 Stab: Sleeping          |       |     2 |     1 |     3 |    20 |    17 |     5 ||    48
       Paralysed         |       |       |     9 |     1 |       |       |       ||    10
       Distracted        |       |       |       |     5 |     5 |     3 |     2 ||    15
       Petrified         |       |       |       |       |     8 |       |       ||     8
       Confused          |       |       |       |       |       |     3 |       ||     3
  Eat: Ration            |       |     3 |     8 |    18 |    14 |    18 |    11 ||    72
Armor: Robe              |     1 |    21 |    29 |   104 |       |       |       ||   155
       Skin              |       |    11 |       |     2 |       |       |       ||    13
       Troll leather arm |       |       |       |       |   289 |   100 |       ||   389
       Swamp dragon scal |       |       |       |       |       |    45 |       ||    45
       Fire dragon scale |       |       |       |       |       |   145 |       ||   145
       Quicksilver drago |       |       |       |       |       |     7 |   149 ||   156
Dodge: Dodged            |     4 |   239 |   426 |  1718 |  2324 |  2329 |   982 ||  8022
       Deflected         |       |       |       |       |       |     6 |    24 ||    30
Block: Buckler           |       |    55 |   171 |   624 |   874 |   900 |   354 ||  2978

Table legend:
 A = Non-vault XP
 B = Vault XP
 C = Vault XP percentage of total XP
 D = Non-vault monster count
 E = Vault monster count
 F = Vault count percentage of total count
                 A         B        C        D         E       F
            +---------+---------+-------+---------+---------+-------
      Total |  338249 |  202952 |  37.5 |     987 |     492 |  33.3
            +---------+---------+-------+---------+---------+-------
        D:1 |      35 |       0 |   0.0 |      17 |       0 |   0.0
        D:2 |      70 |       0 |   0.0 |      25 |       0 |   0.0
        D:3 |      91 |       0 |   0.0 |      20 |       0 |   0.0
        D:4 |      84 |       4 |   4.5 |       6 |       1 |  14.3
        D:5 |     693 |       0 |   0.0 |      21 |       0 |   0.0
        D:6 |    1399 |     629 |  31.0 |      25 |       1 |   3.8
        D:7 |     631 |       0 |   0.0 |       9 |       0 |   0.0
        D:8 |    3528 |     234 |   6.2 |      32 |       1 |   3.0
        D:9 |    1504 |    2072 |  57.9 |      17 |      12 |  41.4
       D:10 |    1619 |    2598 |  61.6 |      31 |       6 |  16.2
       D:11 |    5226 |     792 |  13.2 |      32 |       1 |   3.0
       D:12 |    6519 |    2723 |  29.5 |      25 |       2 |   7.4
       D:13 |    2612 |    1392 |  34.8 |      19 |       6 |  24.0
       D:14 |    6445 |   17653 |  73.3 |      25 |      54 |  68.4
       D:15 |   15671 |    2514 |  13.8 |      47 |       4 |   7.8
     Lair:1 |    2134 |    1605 |  42.9 |       9 |       8 |  47.1
     Lair:2 |    6036 |    3093 |  33.9 |      18 |      10 |  35.7
     Lair:3 |    2665 |       0 |   0.0 |      12 |       0 |   0.0
     Lair:4 |    4630 |       0 |   0.0 |      14 |       0 |   0.0
     Lair:5 |   14805 |    9162 |  38.2 |      49 |      45 |  47.9
     Lair:6 |    1452 |   13964 |  90.6 |       5 |      63 |  92.6
    Swamp:1 |    6793 |       0 |   0.0 |      12 |       0 |   0.0
    Swamp:2 |   12456 |       0 |   0.0 |      23 |       0 |   0.0
    Swamp:3 |   10120 |    3764 |  27.1 |      20 |       6 |  23.1
    Swamp:4 |    9231 |    9626 |  51.0 |      23 |      16 |  41.0
   Spider:1 |   10678 |     886 |   7.7 |      31 |       1 |   3.1
   Spider:2 |   10843 |       0 |   0.0 |      30 |       0 |   0.0
   Spider:3 |    9252 |     219 |   2.3 |      29 |       1 |   3.3
   Spider:4 |   12534 |    3470 |  21.7 |      28 |       4 |  12.5
      Orc:1 |    2817 |      40 |   1.4 |      34 |       1 |   2.9
      Orc:2 |    2456 |    4886 |  66.5 |      23 |      58 |  71.6
   Vaults:1 |   35768 |   11387 |  24.1 |      79 |      20 |  20.2
   Vaults:2 |   21810 |   11712 |  34.9 |      35 |      18 |  34.0
   Vaults:3 |   32832 |    7347 |  18.3 |      42 |      12 |  22.2
   Vaults:4 |   28160 |   16879 |  37.5 |      49 |      20 |  29.0
   Vaults:5 |    8935 |   59259 |  86.9 |      15 |      46 |  75.4
   Depths:1 |   29993 |    7554 |  20.1 |      31 |       7 |  18.4
   Depths:2 |    3240 |       0 |   0.0 |       6 |       0 |   0.0
    Abyss:1 |    9885 |       0 |   0.0 |      13 |       0 |   0.0
    Abyss:2 |    2597 |       0 |   0.0 |       6 |       0 |   0.0
     Bailey |       0 |    2276 | 100.0 |       0 |      39 | 100.0
      IceCv |       0 |    5212 | 100.0 |       0 |      29 | 100.0
            +---------+---------+-------+---------+---------+-------
